[Event "Titled Tuesday Blitz August 15 Early 2023"]
[White "Mackster23"]
[Black "Kramnik, Vladimir"]
[BlackFideId "4101588"]
[WhiteElo "2487"]
[BlackElo "3004"]
[Result "0-1"]
[Round "1"]
[TimeControl "180+1"]
[Date "2023.08.15"]
[WhiteClock "0:00:03"]
[BlackClock "0:00:20"]
[Board "23"]

1. e4 c5 2. Nf3 e6 3. d4 cxd4 4. Nxd4 a6 5. Bd3 Nf6 6. Qe2 d6 7. O-O Nbd7 8. c4 g6 9. Nc3 Bg7 10. Bd2 O-O 11. Rae1 b6 12. f4 Bb7 13. Nc2 Nc5 14. Rf3 b5 15. cxb5 axb5 16. b4 Nxd3 17. Qxd3 d5 18. e5 Ne4 19. a3 Nxc3 20. Bxc3 d4 21. Nxd4 Bxf3 22. Qxf3 Rxa3 23. Nxb5 Qb6+ 24. Bd4 Rxf3 25. Bxb6 Rxf4 26. Bc5 Rb8 27. Nd6 Bf8 28. Rb1 Rf5 29. Re1 Rh5 30. g4 Rh3 31. Rf1 Rc3 32. Ne4 Bxc5+ 33. bxc5 Rc4 34. Nd6 Rxc5 35. Nxf7 Rf8 36. Nh6+ Kg7 37. Rxf8 Kxf8 0-1


[Site "https://www.chess.com"]

[Event "Titled Tuesday Blitz August 15 Early 2023"]
[White "Drygalov, Sergey"]
[Black "Tomaszewski, Kacper"]
[WhiteFideId "24171743"]
[BlackFideId "1127373"]
[WhiteElo "3003"]
[BlackElo "2487"]
[Result "1-0"]
[Round "1"]
[TimeControl "180+1"]
[Date "2023.08.15"]
[WhiteClock "0:00:37"]
[BlackClock "0:00:05"]
[Board "24"]

1. d4 d5 2. c4 e6 3. Nf3 Nf6 4. Nc3 c5 5. cxd5 Nxd5 6. e3 Nc6 7. Bd3 cxd4 8. exd4 Be7 9. O-O O-O 10. Qe2 Bd7 11. Rd1 Rc8 12. Qe4 Nf6 13. Qh4 Nb4 14. Bb1 Nbd5 15. Bg5 h6 16. Bxh6 gxh6 17. Qxh6 Rxc3 18. bxc3 Nxc3 19. Ng5 Nxb1 20. Raxb1 Re8 21. Rd3 Bf8 22. Qh4 Bg7 23. Rg3 Kf8 24. Rxb7 Qa5 25. Rb1 Qxa2 26. Re1 Qd2 27. Rge3 Rc8 28. Nf3 Qb2 29. h3 Rc1 30. Ne5 Rxe1+ 31. Rxe1 Bb5 32. Qf4 Qb4 33. Rc1 a5 34. Rc8+ Ke7 35. Rc7+ Ke8 36. Nxf7 Nd5 37. Nd6+ Kd8 38. Nb7+ Ke8 39. Qf7# 1-0


[Site "https://www.chess.com"]

[Event "Titled Tuesday Blitz August 15 Early 2023"]
[White "Koutlas, Nikolaos"]
[Black "Tabatabaei, M. Amin"]
[WhiteFideId "25827138"]
[BlackFideId "12521213"]
[WhiteElo "2486"]
[BlackElo "3000"]
[Result "0-1"]
[Round "1"]
[TimeControl "180+1"]
[Date "2023.08.15"]
[WhiteClock "0:00:00"]
[BlackClock "0:00:57"]
[Board "25"]

1. Nf3 d5 2. g3 c6 3. Bg2 Bg4 4. O-O Nd7 5. d4 Ngf6 6. Nbd2 e6 7. c4 h6 8. Qc2 Bf5 9. Qb3 Qb6 10. c5 Qxb3 11. axb3 Be7 12. b4 O-O 13. Nb3 g5 14. h4 Ne4 15. hxg5 hxg5 16. Nfd2 Kg7 17. Na5 Nxd2 18. Bxd2 Rab8 19. Rfc1 a6 20. f3 Bg6 21. Kf2 e5 22. e3 f5 23. Bc3 Bf6 24. Nb3 Rbe8 25. Re1 Re7 26. Re2 Rfe8 27. Rae1 Bh5 28. Bh3 g4 29. fxg4 fxg4 30. Bg2 e4 31. Kg1 Nf8 32. Rf1 Ne6 33. Rf5 Bg6 34. Rf4 Nxf4 35. gxf4 g3 36. Be1 Bh5 37. Rc2 Bh4 0-1


[Site "https://www.chess.com"]

[Event "Titled Tuesday Blitz August 15 Early 2023"]
[White "Svane, Rasmus"]
[Black "Gurevich, Dmitry"]
[WhiteFideId "4657101"]
[BlackFideId "2000407"]
[WhiteElo "2996"]
[BlackElo "2486"]
[Result "1-0"]
[Round "1"]
[TimeControl "180+1"]
[Date "2023.08.15"]
[WhiteClock "0:01:51"]
[BlackClock "0:00:58"]
[Board "26"]

1. Nf3 d5 2. g3 g6 3. Bg2 Bg7 4. d4 Nf6 5. O-O O-O 6. c4 c6 7. Qb3 Qb6 8. Nc3 Qxb3 9. axb3 a6 10. Bf4 Be6 11. Ng5 Nbd7 12. Nxe6 fxe6 13. Rfd1 Rac8 14. Rd2 h6 15. e4 Nb6 16. exd5 exd5 17. Bh3 dxc4 18. bxc4 g5 19. Be6+ Kh8 20. Be5 Rce8 21. Re1 Nfd7 22. Bxg7+ Kxg7 23. c5 Rd8 24. cxb6 Nxb6 25. Ne4 Nd7 26. Bxd7 Rxd7 27. Nc5 1-0


[Site "https://www.chess.com"]

[Event "Titled Tuesday Blitz August 15 Early 2023"]
[White "Pandey Srishti"]
[Black "Sadhwani, Raunak"]
[WhiteFideId "35093290"]
[BlackFideId "35093487"]
[WhiteElo "2485"]
[BlackElo "2991"]
[Result "0-1"]
[Round "1"]
[TimeControl "180+1"]
[Date "2023.08.15"]
[WhiteClock "0:00:00"]
[BlackClock "0:00:06"]
[Board "27"]

1. e4 d6 2. d4 g6 3. Nc3 Bg7 4. Be3 a6 5. Qd2 b5 6. h4 h5 7. Nf3 Bb7 8. Ng5 e6 9. a4 b4 10. Na2 a5 11. c3 bxc3 12. Nxc3 Nf6 13. Bd3 Ng4 14. Bf4 e5 15. dxe5 Nxe5 16. Bb5+ Nbd7 17. O-O O-O 18. Rfd1 Nc5 19. Qe2 Qf6 20. Be3 c6 21. Bc4 Nxc4 22. Qxc4 Ba6 23. Qa2 Nd3 24. Qa3 Rab8 25. Rab1 Bc4 26. e5 Qxe5 27. Nce4 d5 28. Nc5 Nxc5 29. Qxc5 Rxb2 30. Rxb2 Qxb2 31. Qxc6 Qb3 32. Rc1 Bb2 33. Rb1 Qc2 34. Re1 d4 35. Bf4 d3 36. Re8 Bg7 37. Rxf8+ Bxf8 38. Kh2 Bb3 39. Qb6 Qc4 40. Qxa5 Qxf4+ 41. Kg1 Qc1+ 42. Kh2 d2 0-1


[Site "https://www.chess.com"]

[Event "Titled Tuesday Blitz August 15 Early 2023"]
[White "Le, Tuan Minh"]
[Black "Marn, Jan"]
[WhiteFideId "12401153"]
[BlackFideId "14619245"]
[WhiteElo "2986"]
[BlackElo "2483"]
[Result "1-0"]
[Round "1"]
[TimeControl "180+1"]
[Date "2023.08.15"]
[WhiteClock "0:00:56"]
[BlackClock "0:00:06"]
[Board "28"]

1. d4 d5 2. Nf3 Nf6 3. Bf4 e6 4. e3 Bd6 5. Nbd2 O-O 6. Bd3 b6 7. Qe2 Bb7 8. O-O Nbd7 9. Ne5 Ne4 10. Nxe4 dxe4 11. Ba6 Bxa6 12. Qxa6 Nxe5 13. dxe5 Be7 14. Rfd1 Qc8 15. Qc4 Rd8 16. Qxe4 c6 17. g4 Qc7 18. Bg3 Rxd1+ 19. Rxd1 Rd8 20. Rd4 h6 21. h3 Rxd4 22. exd4 Qd7 23. c3 a5 24. Kg2 a4 25. a3 Qd5 26. Kf3 Qc4 27. Bf4 b5 28. Kg3 Qd5 29. Qf3 Kh7 30. Be3 Kg8 31. Qd1 Qc4 32. f4 Qd5 33. f5 Bh4+ 34. Kxh4 Qg2 35. Qd2 Qf3 36. Qf2 1-0


[Site "https://www.chess.com"]

[Event "Titled Tuesday Blitz August 15 Early 2023"]
[White "Bochnicka, Vladimir"]
[Black "Matlakov, Maxim"]
[WhiteFideId "14943450"]
[BlackFideId "4168003"]
[WhiteElo "2483"]
[BlackElo "2978"]
[Result "0-1"]
[Round "1"]
[TimeControl "180+1"]
[Date "2023.08.15"]
[WhiteClock "0:00:33"]
[BlackClock "0:02:04"]
[Board "29"]

1. e4 c5 2. Nf3 d6 3. d4 cxd4 4. Nxd4 Nf6 5. Nc3 a6 6. f3 e5 7. Nb3 Be6 8. Be3 Nbd7 9. g4 h6 10. Qd2 b5 11. O-O-O Rc8 12. Kb1 Nb6 13. Na5 Be7 14. Nb7 Qc7 15. Nxd6+ Bxd6 16. Qxd6 Nfd7 17. Be2 Nc4 18. Qxc7 Rxc7 19. Bxc4 Rxc4 20. Rd6 b4 21. Nd5 a5 22. Nb6 Nxb6 23. Bxb6 O-O 24. Bxa5 Ra8 25. Rd8+ Rxd8 26. Bxd8 Rd4 27. Kc1 Rxd8 28. a4 bxa3 29. bxa3 Kf8 30. Kb2 Rb8+ 31. Kc3 Rc8+ 32. Kd2 Ke7 33. Rb1 Ra8 34. Ra1 Kf6 35. a4 Kg5 36. Ke3 Rc8 37. a5 Rxc2 38. a6 Rc3+ 39. Kd2 Rc8 40. a7 Ra8 41. Ke3 Kf6 42. Ra5 Ke7 43. Rxe5 Rxa7 44. f4 f6 45. Rc5 Bxg4 46. e5 Be6 47. exf6+ Kxf6 48. Ke4 Ra4+ 49. Kf3 Rc4 50. Ra5 Rc3+ 51. Ke4 Rh3 52. Ra6 Rxh2 53. f5 Rh4+ 0-1


[Site "https://www.chess.com"]

[Event "Titled Tuesday Blitz August 15 Early 2023"]
[White "Sjugirov, Sanan"]
[Black "Rodriguez, Santiago"]
[WhiteFideId "4189302"]
[BlackFideId "3000591"]
[WhiteElo "2966"]
[BlackElo "2480"]
[Result "1-0"]
[Round "1"]
[TimeControl "180+1"]
[Date "2023.08.15"]
[WhiteClock "0:00:27"]
[BlackClock "0:00:42"]
[Board "30"]

1. e4 c5 2. Nf3 Nc6 3. Bb5 g6 4. O-O Bg7 5. Re1 Nf6 6. Bxc6 dxc6 7. d3 O-O 8. h3 Qc7 9. e5 Nd7 10. Qe2 b6 11. a4 Ba6 12. Bf4 Rad8 13. Nbd2 Rfe8 14. Qe3 e6 15. Ne4 c4 16. dxc4 Bxc4 17. Nd6 Bd5 18. Nxe8 Rxe8 19. Nd2 c5 20. c4 Bc6 21. Ne4 Nxe5 22. Nc3 f6 23. Nb5 Qb7 24. Nd6 Qa8 25. Bxe5 fxe5 26. Nxe8 Bxe8 27. a5 bxa5 28. Rxa5 Bc6 29. Qxc5 e4 30. Rxa7 1-0


[Site "https://www.chess.com"]

[Event "Titled Tuesday Blitz August 15 Early 2023"]
[White "favesaul"]
[Black "Elsa167"]
[WhiteElo "2479"]
[BlackElo "2963"]
[Result "0-1"]
[Round "1"]
[TimeControl "180+1"]
[Date "2023.08.15"]
[WhiteClock "0:00:00"]
[BlackClock "0:00:52"]
[Board "31"]

1. e4 c5 2. Nf3 d6 3. d4 cxd4 4. Nxd4 Nf6 5. Nc3 Nc6 6. Bc4 Qb6 7. Nb3 e6 8. Be3 Qc7 9. O-O a6 10. a4 Be7 11. f4 h5 12. a5 Ng4 13. Bb6 Qb8 14. h3 Nf6 15. Qe2 h4 16. f5 Ne5 17. fxe6 Bxe6 18. Bxe6 fxe6 19. Nd4 Qc8 20. Rad1 O-O 21. Nf3 Nfd7 22. Bd4 Bf6 23. Kh1 Nxf3 24. Rxf3 Bxd4 25. Rxd4 Ne5 26. Rxf8+ Qxf8 27. Rd1 Qe7 28. Na4 Rf8 29. Rf1 Rxf1+ 30. Qxf1 Qc7 31. Nc3 Qxa5 32. Qf4 Qa1+ 33. Kh2 Qxb2 34. Nd1 Qxc2 35. Ne3 Qe2 36. Qg5 Nf3+ 37. Kh1 Qe1+ 0-1


[Site "https://www.chess.com"]

[Event "Titled Tuesday Blitz August 15 Early 2023"]
[White "gmbenjaminbok"]
[Black "Ankerst, Mihael"]
[BlackFideId "14602369"]
[WhiteElo "2960"]
[BlackElo "2478"]
[Result "1-0"]
[Round "1"]
[TimeControl "180+1"]
[Date "2023.08.15"]
[WhiteClock "0:00:02"]
[BlackClock "0:00:00"]
[Board "32"]

1. d4 Nf6 2. c4 g6 3. g3 Bg7 4. Bg2 d6 5. Nc3 O-O 6. Nf3 Nbd7 7. O-O e5 8. e4 c6 9. Be3 Ng4 10. Bg5 Qc7 11. h3 Ngf6 12. Qc2 exd4 13. Nxd4 Nb6 14. b3 d5 15. Bf4 Qd8 16. exd5 cxd5 17. c5 Ne4 18. Nxe4 dxe4 19. Rad1 Nd5 20. Bd6 Re8 21. Nb5 Bd7 22. a4 a6 23. Na3 Bc6 24. Nc4 Qf6 25. Rfe1 Nb4 26. Qd2 Nd3 27. Re2 Rad8 28. Qe3 Qf5 29. Nd2 b6 30. g4 Qc8 31. Nxe4 Nxc5 32. Qf4 Bxe4 33. Bxe4 Nxb3 34. Bf3 Rxe2 35. Bxe2 Nd4 36. Bf1 Qc2 37. Re1 Rxd6 38. Re8+ Bf8 39. Rxf8+ Kg7 40. Qxd6 Nf3+ 41. Kg2 Ne1+ 42. Kg3 Qc3+ 43. Kh2 Nf3+ 44. Kh1 Qe1 45. Kg2 Nh4+ 46. Kg3 Qxf1 47. Re8 Qg2+ 48. Kxh4 1-0


[Site "https://www.chess.com"]

[Event "Titled Tuesday Blitz August 15 Early 2023"]
[White "Eidelman, Gabriel"]
[Black "Keymer, Vincent"]
[WhiteFideId "30910544"]
[BlackFideId "12940690"]
[WhiteElo "2477"]
[BlackElo "2960"]
[Result "1-0"]
[Round "1"]
[TimeControl "180+1"]
[Date "2023.08.15"]
[WhiteClock "0:00:15"]
[BlackClock "0:00:03"]
[Board "33"]

1. d4 Nf6 2. c4 e6 3. g3 Bb4+ 4. Nd2 d5 5. Bg2 O-O 6. a3 Bxd2+ 7. Bxd2 dxc4 8. Nf3 Nc6 9. e3 b5 10. O-O Rb8 11. a4 b4 12. Qc2 Ba6 13. Rfd1 Qe8 14. Be1 h6 15. Ne5 Nxe5 16. dxe5 Nd5 17. e4 b3 18. Qe2 Nb4 19. Bc3 Qe7 20. Rd2 Na2 21. Qe3 Nxc3 22. Qxc3 Rfd8 23. Rad1 Rd3 24. Rxd3 cxd3 25. Bf1 Rd8 26. Bxd3 c5 27. Kg2 Qc7 28. f3 Rd4 29. Be2 Qxe5 30. Bxa6 Qd6 31. Rxd4 cxd4 32. Qd3 e5 33. Bc4 Qb4 34. Bxb3 h5 35. f4 Qa5 36. fxe5 Qxe5 37. Qf3 Kh8 38. Qxf7 Kh7 39. Qf5+ 1-0


[Site "https://www.chess.com"]

[Event "Titled Tuesday Blitz August 15 Early 2023"]
[White "Makhnev, Denis"]
[Black "Dias, Paulo"]
[WhiteFideId "13707647"]
[BlackFideId "1900803"]
[WhiteElo "2959"]
[BlackElo "2477"]
[Result "1-0"]
[Round "1"]
[TimeControl "180+1"]
[Date "2023.08.15"]
[WhiteClock "0:00:04"]
[BlackClock "0:00:03"]
[Board "34"]

1. d4 Nf6 2. c4 e6 3. g3 c5 4. d5 exd5 5. cxd5 d6 6. Nc3 g6 7. Nf3 Bg7 8. Bg2 O-O 9. O-O a6 10. a4 Re8 11. Bf4 Ne4 12. Nxe4 Rxe4 13. Nd2 Rb4 14. a5 Qc7 15. Ra4 Rb5 16. Nc4 Bf8 17. e4 Nd7 18. e5 Nxe5 19. Bxe5 dxe5 20. d6 Qd8 21. Bd5 Qf6 22. Ra3 Bf5 23. Rf3 Rd8 24. g4 Qg5 25. Rg3 Be6 26. Bxe6 fxe6 27. b3 Rb4 28. Rd3 e4 29. Rd2 Bg7 30. h3 Bd4 31. Kg2 Rxc4 32. bxc4 Rxd6 33. Qe2 Qf4 34. Rdd1 e5 35. Rfe1 Rf6 36. Rd2 Qf3+ 37. Qxf3 exf3+ 38. Kg3 g5 39. Rd3 Kf7 40. Rxf3 Rf4 41. Rxf4+ exf4+ 42. Kf3 Kf6 43. Rb1 Bc3 44. Rxb7 Bxa5 45. Rxh7 Ke6 46. Ke4 Be1 47. Rh6+ Kd7 48. f3 a5 49. Kd5 a4 50. Rh7+ Ke8 51. Ra7 1-0


[Site "https://www.chess.com"]

[Event "Titled Tuesday Blitz August 15 Early 2023"]
[White "Devaev, Alexander"]
[Black "Hakobyan, Aram"]
[WhiteFideId "4169395"]
[BlackFideId "13306677"]
[WhiteElo "2476"]
[BlackElo "2959"]
[Result "0-1"]
[Round "1"]
[TimeControl "180+1"]
[Date "2023.08.15"]
[WhiteClock "0:00:00"]
[BlackClock "0:00:32"]
[Board "35"]

1. d4 d5 2. c4 e6 3. Nc3 Bb4 4. e3 Nf6 5. Nf3 O-O 6. Bd2 Nbd7 7. a3 Be7 8. Bd3 dxc4 9. Bxc4 c5 10. O-O a6 11. a4 b6 12. Qe2 Bb7 13. Rfd1 Qc7 14. dxc5 Qxc5 15. Nd4 Ne5 16. Ba2 Ng6 17. Be1 Rfd8 18. f3 Qh5 19. Bg3 Bd6 20. Nxe6 Bxg3 21. Rxd8+ Rxd8 22. hxg3 fxe6 23. Rd1 Rxd1+ 24. Qxd1 Bd5 25. Bb1 Qe5 26. e4 Bc6 27. Qd8+ Be8 28. Kh2 Qc5 0-1


[Site "https://www.chess.com"]

[Event "Titled Tuesday Blitz August 15 Early 2023"]
[White "Makarian, Rudik"]
[Black "brm72"]
[WhiteFideId "44105681"]
[WhiteElo "2955"]
[BlackElo "2476"]
[Result "1-0"]
[Round "1"]
[TimeControl "180+1"]
[Date "2023.08.15"]
[WhiteClock "0:01:45"]
[BlackClock "0:00:30"]
[Board "36"]

1. d4 Nf6 2. c4 g6 3. Nc3 d5 4. Bg5 Ne4 5. cxd5 Nxc3 6. bxc3 Qxd5 7. Nf3 c5 8. e3 Bg7 9. Be2 Nc6 10. O-O cxd4 11. cxd4 O-O 12. h3 h6 13. Bh4 g5 14. Bg3 Bf5 15. Nd2 Rfc8 16. Bf3 Qd7 17. Rc1 Bg6 18. Qb3 e6 19. Ne4 b6 20. Nd6 Na5 21. Qb5 Qxb5 22. Nxb5 Rxc1 23. Rxc1 Re8 24. Nxa7 e5 25. dxe5 Bxe5 26. Bxe5 Rxe5 27. Nc6 Nxc6 28. Rxc6 Ra5 29. Rxb6 Rxa2 30. Rxg6+ 1-0


[Site "https://www.chess.com"]

[Event "Titled Tuesday Blitz August 15 Early 2023"]
[White "Molenda, Marcin"]
[Black "Shtembuliak, Evgeny"]
[WhiteFideId "1173065"]
[BlackFideId "14113325"]
[WhiteElo "2472"]
[BlackElo "2951"]
[Result "0-1"]
[Round "1"]
[TimeControl "180+1"]
[Date "2023.08.15"]
[WhiteClock "0:00:08"]
[BlackClock "0:00:04"]
[Board "37"]

1. e4 e5 2. Nf3 Nf6 3. Nc3 d6 4. d4 Nbd7 5. Bc4 Be7 6. O-O O-O 7. a4 a6 8. Re1 b6 9. h3 Bb7 10. Ba2 c6 11. Qd3 b5 12. Ne2 exd4 13. Nexd4 Nc5 14. Qe2 Ncxe4 15. Nf5 d5 16. Nxe7+ Qxe7 17. Nd4 c5 18. Nf5 Qe5 19. Qf3 Rfe8 20. c3 Rad8 21. axb5 axb5 22. Bb1 Ng5 23. Qe3 Qxe3 24. Rxe3 Ne6 25. Ra7 Rd7 26. Kf1 Ra8 27. Rxa8+ Bxa8 28. Re5 g6 29. Nh6+ Kg7 30. Ng4 Nxg4 31. hxg4 Ra7 32. Re1 Ra1 33. Bd3 Ra5 34. b4 cxb4 35. cxb4 Ra4 36. Bd2 Ra2 37. Bc3+ d4 38. Ba1 Bxg2+ 39. Kg1 Bd5 40. Bxb5 Kh6 41. Be8 Nf4 42. b5 Nh3+ 43. Kh2 Nxf2 44. Kg3 Ne4+ 45. Kf4 f6 46. Bxd4 g5+ 47. Ke3 Ra3+ 48. Ke2 Bc4+ 49. Kd1 Rd3+ 50. Kc2 Rxd4 51. Bc6 Rd2+ 52. Kc1 Re2 53. Rxe2 Bxe2 54. b6 Nd6 0-1


[Site "https://www.chess.com"]

[Event "Titled Tuesday Blitz August 15 Early 2023"]
[White "Chigaev, Maksim"]
[Black "Baghdasaryan, Vahe"]
[WhiteFideId "4108116"]
[BlackFideId "13303139"]
[WhiteElo "2947"]
[BlackElo "2469"]
[Result "1-0"]
[Round "1"]
[TimeControl "180+1"]
[Date "2023.08.15"]
[WhiteClock "0:01:40"]
[BlackClock "0:00:02"]
[Board "38"]

1. e4 e5 2. Nf3 Nc6 3. d4 exd4 4. Nxd4 Bc5 5. Nb3 Bb6 6. Qe2 Nf6 7. Nc3 O-O 8. Bg5 h6 9. Bh4 d6 10. O-O-O Be6 11. f3 a5 12. a4 Qe7 13. Kb1 Bxb3 14. cxb3 Qe6 15. Qc4 Ne5 16. Qb5 Bc5 17. Bc4 Nxc4 18. Qxc4 Qxc4 19. bxc4 Nd7 20. Nd5 Ra7 21. Nxc7 Nb6 22. b3 Rc8 23. Nb5 Ra6 24. Nxd6 Rc7 25. Bd8 Rd7 26. Nb5 Rxd1+ 27. Rxd1 f5 28. exf5 Nc8 29. Rd7 Rc6 30. Rxb7 Bb4 31. Rc7 Rxc7 32. Bxc7 Ne7 33. g4 Nc6 34. Kc2 Kf7 35. Kd3 Ke7 36. Ke4 Kd7 37. Be5 Bc5 38. Bxg7 Nb4 39. Bxh6 Na2 40. Bd2 Bb4 41. Bxb4 axb4 42. h4 Nc1 43. Nd4 Na2 44. h5 Nc3+ 45. Ke5 Ke7 46. g5 Kf7 47. h6 Nd1 48. g6+ Kg8 49. f6 Ne3 50. f7+ Kf8 51. Ne6+ Ke7 52. f8=Q+ 1-0


[Site "https://www.chess.com"]

[Event "Titled Tuesday Blitz August 15 Early 2023"]
[White "Itkis, Boris"]
[Black "Demidov, Mikhail"]
[WhiteFideId "1209167"]
[BlackFideId "4197143"]
[WhiteElo "2467"]
[BlackElo "2944"]
[Result "0-1"]
[Round "1"]
[TimeControl "180+1"]
[Date "2023.08.15"]
[WhiteClock "0:01:32"]
[BlackClock "0:00:41"]
[Board "39"]

1. c4 g6 2. Nf3 Bg7 3. d4 d6 4. g3 e5 5. dxe5 dxe5 6. Qxd8+ Kxd8 7. Nc3 f6 8. b3 Be6 9. Bb2 Nd7 10. O-O-O c6 11. Bg2 Kc7 12. e3 Nh6 13. Nd2 Nf7 14. h4 h5 15. Nde4 Rhd8 16. Rd2 f5 17. Ng5 Nxg5 18. hxg5 Nc5 19. Rhd1 Rxd2 20. Rxd2 Rd8 21. Rxd8 Kxd8 22. Kd2 e4 23. Nd1 Bxb2 24. Nxb2 Bf7 25. f4 exf3 26. Bxf3 Ne6 27. Nd3 Nxg5 28. Bg2 Be8 29. Kc3 Ke7 30. a4 Ne6 31. c5 Kf6 32. b4 a6 33. Nb2 a5 34. Nc4 axb4+ 35. Kxb4 Nd8 36. Nd6 Bf7 37. Ka5 Bb3 38. Kb6 Bxa4 39. Nxb7 Nxb7 40. Kxb7 g5 41. Bxc6 Bxc6+ 42. Kxc6 h4 43. gxh4 gxh4 44. Kd7 h3 45. c6 h2 46. c7 h1=Q 47. c8=Q Qd5+ 48. Ke8 Qg8+ 49. Kd7 Qe6+ 50. Kd8 Qe7# 0-1


[Site "https://www.chess.com"]

[Event "Titled Tuesday Blitz August 15 Early 2023"]
[White "Arencibia Monduy, Antonio"]
[Black "Terry, Renato"]
[WhiteFideId "3507939"]
[BlackFideId "3803457"]
[WhiteElo "2466"]
[BlackElo "2923"]
[Result "0-1"]
[Round "1"]
[TimeControl "180+1"]
[Date "2023.08.15"]
[WhiteClock "0:00:00"]
[BlackClock "0:00:04"]
[Board "41"]

1. e4 e6 2. d4 d5 3. e5 c5 4. c3 Qb6 5. Nf3 Bd7 6. a4 cxd4 7. cxd4 Bb4+ 8. Nc3 Nc6 9. Be2 Nge7 10. O-O Nf5 11. Be3 O-O 12. Bd3 Nxe3 13. fxe3 Be7 14. Ne2 Nb4 15. Bb1 Rac8 16. Nc3 Nc6 17. Qe2 Na5 18. Bd3 a6 19. h4 g6 20. h5 Kg7 21. Rf2 Nc4 22. Raf1 Nxb2 23. Nxd5 exd5 24. Qxb2 Qxb2 25. Rxb2 Rc7 26. a5 gxh5 27. e4 Bc6 28. exd5 Bxd5 29. Nd2 Bg5 30. Re1 Rd8 31. Be4 h6 32. Bxd5 Rxd5 33. Nf3 Bf4 34. Reb1 Be3+ 35. Kf1 Rxa5 36. Rxb7 Rxb7 37. Rxb7 Rd5 38. e6 Kf6 39. exf7 Kg7 40. Ke2 Bxd4 41. Kd3 Bf6+ 42. Ke4 Rb5 43. Ra7 Ra5 44. Kd3 Rd5+ 45. Kc4 Ra5 46. Kb4 Rb5+ 47. Kc4 Rb2 48. Rxa6 Rxg2 49. Ra7 h4 50. Ra8 Kxf7 51. Ra7+ Kg6 52. Ra6 h3 53. Ne5+ Kf5 54. Nf3 h2 55. Ra5+ Kg4 56. Ne1 h1=Q 0-1


[Site "https://www.chess.com"]

[Event "Titled Tuesday Blitz August 15 Early 2023"]
[White "Kovalenko, Igor"]
[Black "NigelDwarf"]
[WhiteFideId "14117908"]
[WhiteElo "2923"]
[BlackElo "2465"]
[Result "1-0"]
[Round "1"]
[TimeControl "180+1"]
[Date "2023.08.15"]
[WhiteClock "0:01:51"]
[BlackClock "0:00:09"]
[Board "42"]

1. c4 Nf6 2. Nf3 g6 3. g3 Bg7 4. Bg2 O-O 5. O-O Nc6 6. Nc3 d6 7. d3 e5 8. Rb1 a5 9. a3 Bf5 10. h3 Re8 11. e4 Be6 12. b4 Nd7 13. Ng5 Nd4 14. Be3 axb4 15. axb4 c6 16. Ne2 Ra2 17. Nxd4 exd4 18. Nxe6 fxe6 19. Bc1 b5 20. cxb5 cxb5 21. Qb3 Ra4 22. h4 Qe7 23. Bh3 Nf8 24. Bg5 Qa7 25. Rfc1 h6 26. Bf4 Ra3 27. Qd1 Rc3 28. Bxd6 Rec8 29. Bxf8 Kxf8 30. Bxe6 R8c6 31. Bd5 Rc8 32. Ra1 Qc7 33. Rcb1 Rc2 34. Qf3+ Ke8 35. Ra6 Rc1+ 36. Rxc1 Qxc1+ 37. Kg2 Qd2 38. Qf7+ 1-0


[Site "https://www.chess.com"]

[Event "Titled Tuesday Blitz August 15 Early 2023"]
[White "Mindhunter08"]
[Black "Drygalov, Andrey"]
[BlackFideId "24171735"]
[WhiteElo "2464"]
[BlackElo "2921"]
[Result "0-1"]
[Round "1"]
[TimeControl "180+1"]
[Date "2023.08.15"]
[WhiteClock "0:00:00"]
[BlackClock "0:01:21"]
[Board "43"]

1. e4 c5 2. Nf3 d6 3. d4 cxd4 4. Nxd4 Nf6 5. Nc3 a6 6. Bg5 e6 7. f4 h6 8. Bh4 Nbd7 9. Bc4 b5 10. Bb3 Qc7 11. Qe2 Bb7 12. a3 Be7 13. Bg3 Nc5 14. e5 dxe5 15. fxe5 Nfe4 16. Nxe4 Bxe4 17. O-O-O O-O 18. Kb1 Nxb3 19. Qxe4 Nxd4 20. Qxd4 Rac8 21. c3 a5 22. Qd7 Qc5 23. Qd4 Qc6 24. Bf4 b4 25. axb4 axb4 26. Rc1 bxc3 27. Rxc3 Qb7 28. Rxc8 Rxc8 29. Rc1 Rd8 30. Qf2 Qe4+ 31. Rc2 Rd1+ 32. Bc1 Bg5 33. Qe3 Bxe3 0-1


[Site "https://www.chess.com"]

[Event "Titled Tuesday Blitz August 15 Early 2023"]
[White "Perez Ponsa, Federico"]
[Black "marik_spb"]
[WhiteFideId "117927"]
[WhiteElo "2919"]
[BlackElo "2462"]
[Result "1-0"]
[Round "1"]
[TimeControl "180+1"]
[Date "2023.08.15"]
[WhiteClock "0:01:50"]
[BlackClock "0:00:05"]
[Board "44"]

1. e4 c6 2. d4 d5 3. exd5 cxd5 4. Bd3 Nf6 5. h3 Nc6 6. c3 g6 7. Nf3 Bf5 8. Be2 e6 9. O-O h6 10. Re1 Qc7 11. Bf1 Bd6 12. Na3 a6 13. Nc2 g5 14. Ne3 Be4 15. Nd2 Bg6 16. c4 Nxd4 17. cxd5 e5 18. Ndc4 O-O 19. Nxd6 Qxd6 20. Nc4 Qxd5 21. Nxe5 Rfe8 22. Bc4 Nf3+ 23. Qxf3 Qxc4 24. Nxc4 Rxe1+ 25. Kh2 Rd8 26. Qxf6 Rdd1 27. Bxg5 hxg5 28. Rxd1 Rxd1 29. Ne5 Kh7 30. Nxf7 Bxf7 31. Qxf7+ 1-0


[Site "https://www.chess.com"]

[Event "Titled Tuesday Blitz August 15 Early 2023"]
[White "RrainlessBobot"]
[Black "Kazakouski, Valery"]
[BlackFideId "13507443"]
[WhiteElo "2461"]
[BlackElo "2914"]
[Result "0-1"]
[Round "1"]
[TimeControl "180+1"]
[Date "2023.08.15"]
[WhiteClock "0:00:36"]
[BlackClock "0:01:39"]
[Board "45"]

1. Nf3 d5 2. g3 Nd7 3. Bg2 e5 4. O-O Ngf6 5. d4 e4 6. Ne5 Bd6 7. Nxd7 Bxd7 8. c4 dxc4 9. Nc3 Qe7 10. Bg5 Bf5 11. Nd5 Qe6 12. Bxf6 gxf6 13. Ne3 Bg6 14. Qa4+ c6 15. d5 b5 16. Qa6 Qc8 17. Qxc6+ Ke7 18. Qxb5 Rb8 19. Qxc4 Rxb2 20. Bxe4 Qxc4 21. Nxc4 Rxe2 22. Bf3 Rc2 23. Rfe1+ Kd7 24. Nxd6 Kxd6 25. a4 Rb8 26. a5 Rbb2 27. Rab1 Rxb1 28. Rxb1 Rc3 29. Rb7 Rxf3 30. Rxa7 0-1


[Site "https://www.chess.com"]

[Event "Titled Tuesday Blitz August 15 Early 2023"]
[White "Moskalenko, Alexander"]
[Black "Shuvalov, Evgenij"]
[WhiteFideId "4155351"]
[BlackFideId "4187237"]
[WhiteElo "2912"]
[BlackElo "2461"]
[Result "0-1"]
[Round "1"]
[TimeControl "180+1"]
[Date "2023.08.15"]
[WhiteClock "0:00:18"]
[BlackClock "0:00:21"]
[Board "46"]

1. c4 Nf6 2. Nc3 d5 3. cxd5 Nxd5 4. Nf3 g6 5. e4 Nxc3 6. dxc3 Nd7 7. Be3 Bg7 8. Qd2 O-O 9. Rd1 c6 10. Bh6 Qa5 11. Bxg7 Kxg7 12. Bc4 Ne5 13. Qd4 f6 14. Nxe5 fxe5 15. Qe3 Qb6 16. Qe2 Bg4 17. f3 Bc8 18. h4 h5 19. Rd2 Qc5 20. b4 Qb6 21. Qf2 Qxf2+ 22. Kxf2 b5 23. Bb3 a5 24. Rhd1 a4 25. Bc2 Be6 26. a3 Rf4 27. g3 Rff8 28. Ke3 Kh6 29. Rf2 Rad8 30. Rxd8 Rxd8 31. Rd2 Rxd2 32. Kxd2 Kg7 33. f4 Kf6 34. Bd1 Bf7 35. Ke3 Be8 36. Bf3 Bf7 37. Be2 Be8 38. c4 Bd7 39. cxb5 cxb5 40. f5 Be8 41. fxg6 Kxg6 42. Bd3 Bd7 43. Bf1 Kf6 44. Kf2 Kg6 45. Bd3 Kh6 46. Bb1 Kg6 47. Ba2 Kf6 48. Bd5 Kg6 49. Ke3 Kf6 50. Bg8 e6 0-1


[Site "https://www.chess.com"]

[Event "Titled Tuesday Blitz August 15 Early 2023"]
[White "slidingknight2775"]
[Black "Zhigalko, Sergei"]
[BlackFideId "13502956"]
[WhiteElo "2459"]
[BlackElo "2912"]
[Result "0-1"]
[Round "1"]
[TimeControl "180+1"]
[Date "2023.08.15"]
[WhiteClock "0:00:03"]
[BlackClock "0:00:34"]
[Board "47"]

1. Nf3 d5 2. g3 c6 3. Bg2 Bg4 4. c4 e6 5. O-O Nf6 6. Qb3 Qb6 7. d3 Nbd7 8. Nc3 Be7 9. Be3 Qxb3 10. axb3 a6 11. h3 Bh5 12. g4 Bg6 13. Nh4 O-O 14. Nxg6 hxg6 15. Bg5 Rfe8 16. Na4 d4 17. e3 e5 18. Rfe1 Bb4 19. Rec1 Nh7 20. Bh4 dxe3 21. Nc3 Nc5 22. Rd1 Nxb3 23. Ra4 Bc5 24. Ne4 exf2+ 25. Bxf2 Bxf2+ 26. Kxf2 Nd4 27. Rb4 b5 28. cxb5 axb5 29. Nc5 Rad8 30. Nb3 Nc2 31. Re4 Nf6 32. Re2 Nb4 33. Kg1 Nfd5 34. d4 Nf4 35. Ree1 exd4 36. Rxe8+ Rxe8 37. Nxd4 Rd8 38. Bf3 Nxh3+ 39. Kh2 Ng5 40. Kg3 Nxf3 41. Kxf3 c5 0-1


[Site "https://www.chess.com"]